 Dungeon Crawl Stone Soup version 0.28-a0-1227-ga9037bb4c8 (webtiles) character file.

Game seed: 10274921741479105203

191 bladeefan the Shield-Bearer (level 5, -10/33 HPs)
             Began as a Gargoyle Fighter on Dec 22, 2021.
             Mangled by an ogre (24 damage)
             ... on level 3 of the Dungeon.
             The game lasted 00:08:58 (3473 turns).

bladeefan the Shield-Bearer (Gargoyle Fighter)      Turns: 3473, Time: 00:08:59

Health: -10/33     AC: 11    Str: 21    XL:     5   Next: 70%
Magic:  5/5        EV:  9    Int:  9    God:
Gold:   129        SH:  4    Dex:  9    Spells: 4/4 levels left

rFire   . . .      SeeInvis .   a - +0 flail
rCold   . . .      Faith    .   c - +0 buckler
rNeg    + . .      Spirit   .   b - +0 scale mail
rPois   ∞          Reflect  .   (no helmet)
rElec   +          Harm     .   (no cloak)
rCorr   .          Rampage  .   (no gloves)
Will    .....                   (no boots)
Stlth   ..........              (no amulet)
HPRegen 0.11/turn               (no ring)
MPRegen 0.09/turn               (no ring)

@: mighty
A: sickness immunity, AC +4, negative energy resistance 1, electricity
resistance, torment resistance 1, petrification resistance
a: no special abilities


You were on level 3 of the Dungeon.
You visited 1 branch of the dungeon, and saw 4 of its levels.

You collected 129 gold pieces.

Inventory:

Hand Weapons
 a - a +0 flail (weapon)
Armour
 b - a +0 scale mail (worn)
 c - a +0 buckler (worn)
 h - a +0 pair of boots
   (You found it on level 1 of the Dungeon)
 o - a +2 buckler
   (You found it on level 3 of the Dungeon)
Jewellery
 e - an amulet of magic regeneration
   (You found it on level 2 of the Dungeon)
 f - a ring of magical power
   (You found it on level 1 of the Dungeon)
 k - a ring of wizardry
   (You found it on level 2 of the Dungeon)
Scrolls
 g - 2 scrolls of teleportation {unknown}
 i - a scroll of identify {unknown}
 l - 2 scrolls of noise {unknown}
 m - a scroll of enchant armour {unknown}
 n - a scroll of vulnerability {unknown}
 p - a scroll of blinking {unknown}
 q - a scroll of amnesia {unknown}
Potions
 d - 3 potions of might
 j - 2 potions of curing {unknown}


   Skills:
 + Level 4.1 Fighting
 * Level 3.9 Maces & Flails
 + Level 4.1 Armour
 + Level 4.2 Shields


You had 4 spell levels left.
You didn't know any spells.
Your spell library was empty.

Dungeon Overview and Level Annotations

Branches:
Dungeon (4/15)
 Temple: D:4-7

Altars:

Shops:
D:3 *


Innate Abilities, Weirdness & Mutations

You are immune to sickness and miasma.
Your stone body is resilient. (AC +4)
You are immune to poison.
You resist negative energy. (rN+)
You are resistant to electric shocks. (rElec)
You are resistant to unholy torment.
You are immune to petrification.


Message History

The goblin hits you but does no damage.
You closely miss the goblin. The goblin hits you but does no damage.
You barely miss the goblin. The goblin barely misses you.
The goblin hits you but does no damage.
You barely miss the goblin. The goblin hits you but does no damage.
You closely miss the goblin. The goblin hits you but does no damage.
You sock the goblin!
You kill the goblin!
No target in view!
No target in view!
No target in view!
No target in view!
Things that are here:
a +0 dagger; a goblin corpse
Found a stone staircase leading up.
Found a scroll labelled UTWINI DOMECWI.
An ogre comes into view. It is wielding a +0 giant club.
An ogre is nearby!
Found 17 sling bullets.
You thump the ogre!
The ogre hits you with a +0 giant club!!
Ouch! That really hurt!
* * * LOW HITPOINT WARNING * * *
You hear a shout! x2
You hear a shout! x5
The ogre closely misses you.
There is a stone staircase leading up here.
You climb upwards.
There is a stone staircase leading down here.
You start resting.
There is a stone staircase leading down here.
You climb downwards.
The ogre barely misses you.
There is a stone staircase leading up here.
You hit the ogre. The ogre hits you with a +0 giant club!
You barely miss the ogre. The ogre hits you with a +0 giant club!
* * * LOW HITPOINT WARNING * * *
The ogre barely misses you.
You climb upwards.
There is a stone staircase leading down here.
There is an open door here.
The ogre hits you with a +0 giant club!
* * * LOW HITPOINT WARNING * * *
There is an open door here.
There is an open door here.
Unknown command.
You close the door.
An ogre breaks down the door.
You feel very mighty all of a sudden.
The ogre hits you with a +0 giant club!!
Ouch! That really hurt!
You die...

#.#.#######.....................#
#...#....#......................#
######.#...#.........######...#..
#.###.#.........# #...##.
#...............# #...##.
##########.##........# ##...###
[.....#..#.##........# #.......
......'..#.##...O....# #.......
......#.##'##...@....# #.......
.....<#.....########## #.......
......##....# ##....##
......##....############# #....#
......##................# #....#
......##................# #....#
......##................# #....#
......######............# #....#
......# #..†.........# #..†.#


You could see an ogre.

Vanquished Creatures
  A hound (D:3)
  8 adders (D:3)
  A river rat (D:3)
  A dart slug (D:2)
  2 orcs (D:3)
  15 bats
  7 endoplasms
  2 giant cockroaches (D:3)
  7 goblins
  3 hobgoblins
  2 quokkas
  8 ball pythons
  3 frilled lizards
  9 kobolds
  9 rats
78 creatures vanquished.

Vanquished Creatures (others)
  2 plants (D:1)
2 creatures vanquished.

Grand Total: 80 creatures vanquished

Notes
Turn   | Place    | Note
-------+----------+-------------------------------------------
     0 | D:1      | bladeefan the Gargoyle Fighter began the quest for the Orb.
     0 | D:1      | Reached XP level 1. HP: 14/14 MP: 1/1
   546 | D:1      | Reached XP level 2. HP: 13/19 MP: 2/2
   814 | D:1      | Found a faded altar of an unknown god.
  1455 | D:2      | Reached XP level 3. HP: 21/23 MP: 3/3
  2209 | D:3      | Reached XP level 4. HP: 25/29 MP: 4/4
  2535 | D:3      | Found Nimma's General Store.
  2692 | D:3      | Reached XP level 5. HP: 31/33 MP: 5/5
  3145 | D:4      | Noticed an ogre
  3473 | D:3      | Mangled by an ogre

Illustrated notes

Levels and vault maps discovered:
D:1:      dpeg_arrival_snail, layout_rooms, serial_bayou, serial_bayou_pond_a,
          serial_bayou_ford_a, serial_bayou_lagoon_a, serial_bayou_pond_e,
          shapermc_ecumenical_altar_mp_ritualfount, minmay_octomino_c4
D:2:      layout_loops_ring
D:3:      layout_basic, portal_sewer_entry_e, serial_shops, shop
D:4:      minmay_recursive_quarters, layout_basic, grunt_qazlal_sundering,
          minmay_temple_entry_proselytizer, nicolae_underground_beach,
          uniq_robin

Skill      XL: |  1  2  3  4 |
---------------+-------------+-----
Maces & Flails | 3 |  3.9
Shields        | 4 |  4.2
Fighting       | 4 |  4.1
Armour         | 4 |  4.1

Action                   |  1- 3 |  4- 6 || total
-------------------------+-------+-------++-------
Melee: Flail             |   168 |   132 ||   300
  Use: Potion            |       |     1 ||     1
Armor: Scale mail        |   116 |    75 ||   191
Dodge: Dodged            |   102 |    53 ||   155
Block: Buckler           |    51 |    32 ||    83

Table legend: (Time is in decaauts)
 A = Elapsed time spent in this place.
 B = Non-inter-level travel time spent in this place.
 C = Inter-level travel time spent in this place.
 D = Time resting spent in this place.
 E = Time spent auto-exploring this place.
 F = Levels seen in this place.
 G = Mean time per level.
                   A        B        C        D        E       F      G
               +--------+--------+--------+--------+--------+-----+--------+
         Total |   3554 |   3501 |     53 |    707 |   1990 |   4 |  888.5 |
       Dungeon |   3554 |   3501 |     53 |    707 |   1990 |   4 |  888.5 |
               +--------+--------+--------+--------+--------+-----+--------+

Top non-repeatable levels by time:
     D:1: 1467 daAuts
     D:3: 1382 daAuts
     D:2: 649 daAuts
     D:4: 55 daAuts
